 Dungeon Crawl Stone Soup version 0.31.0-1-g2c135a0 (webtiles) character file.

Game seed: 3371123409496913340

144 edsrzf the Sneak (level 5, -1/34 HPs)
             Began as an Octopode Reaver on Feb 1, 2024.
             Slain by a goblin
             ... wielding a +0 dagger
              (3 damage)
             ... on level 4 of the Dungeon.
             The game lasted 00:04:51 (2491 turns).

edsrzf the Sneak (Octopode Reaver)                  Turns: 2491, Time: 00:04:52

Health: -1/34      AC:  1    Str: 11    XL:     5   Next: 27%
Magic:  8/8        EV:  7    Int: 18    God:
Gold:   189        SH:  0    Dex: 10    Spells: 7/8 levels left

rFire   . . .        b - +1 dagger (venom)
rCold   . . .        (no shield)
rNeg    . . .        (helmet restricted)
rPois   .            (no amulet)
rElec   .            (no ring)
rCorr   .            (no ring)
SInv    .            (no ring)
Will    .....        (no ring)
Stlth   ++++         (no ring)
HPRegen 0.25/turn    (no ring)
MPRegen 0.11/turn    (no ring)
                     (no ring)

%: no passive effects
@: brilliant, about to teleport, weakened, held
A: almost no armour, amphibious, 8 rings, camouflage 1, gelatinous body 1,
(nimble swimmer 1), tentacles
a: no special abilities


You were on level 4 of the Dungeon.
You visited 1 branch of the dungeon, and saw 4 of its levels.

You collected 189 gold pieces.

Inventory:

Hand Weapons
 a - a +0 falchion
 b - a +1 dagger of venom (weapon)
Jewellery
 g - a ring of ice
 s - a ring of poison resistance
Wands
 k - a wand of iceblast (11)
 o - a wand of charming (14)
Scrolls
 d - 2 scrolls of teleportation
 f - 2 scrolls of identify {unknown}
 j - a scroll of fog {unknown}
 l - 2 scrolls of immolation {unknown}
 p - a scroll of acquirement {unknown}
 q - a scroll of blinking {unknown}
Potions
 c - a potion of haste {unknown}
 e - a potion of mutation {unknown}
 h - a potion of ambrosia {unknown}
 i - a potion of brilliance
 m - a potion of might {unknown}
 n - a potion of resistance {unknown}
 r - a potion of enlightenment {unknown}
 t - a potion of curing {unknown}


   Skills:
 - Level 2.0 Fighting
 + Level 4.6 Long Blades
 - Level 2.0 Dodging
 + Level 4.7 Stealth
 - Level 2.0 Spellcasting
 - Level 3.0 Conjurations


You had 7 spell levels left.
You knew the following spells:

 Your Spells              Type           Power      Damage    Failure   Level
a - Kiss of Death         Conj/Necr      40%        2d8       10%         1

Your spell library contained the following spells:

 Spells                   Type           Power      Damage    Failure   Level
 Momentum Strike          Conj/Tloc      20%        3d8       14%         2
 Hailstorm                Conj/Ice       10%        3d6       28%         3


Dungeon Overview and Level Annotations

Branches:
Dungeon (4/15)
 Temple: D:4-7

Altars:

Shops:
D:3 =


Innate Abilities, Weirdness & Mutations

You cannot wear most types of armour.
You are amphibious.
You can wear up to eight rings at the same time.
Your skin changes colour to match your surroundings (Stealth+).
Your rubbery body absorbs attacks. (AC +1, EV +1)
((You are camouflaged when in or above water. (Stealth+)))
You have tentacles for arms and can constrict up to eight enemies at once.


Message History

Found Riqitieh's Jewellery Shop.
Found a transporter.
Found a stone staircase leading down.
Found a transporter.
There is a stone staircase leading down here.
Found a stone staircase leading down.
There is a transporter here.
You enter the transporter and appear at another place.
There is an entrance to Riqitieh's Jewellery Shop here.
There is a transporter here.
You enter the transporter and appear at another place.
s - a ring of poison resistance A ball python comes into view.
Found a pair of boots.
The ball python hisses angrily.
A ball python is nearby!
You closely miss the ball python. Your grab misses the ball python.
The ball python bites you. The ball python misses you.
You barely miss the ball python. Your grab misses the ball python.
The ball python bites you. The ball python closely misses you.
You hit the ball python.
You kill the ball python!
You see here a ball python corpse.
HP restored.
You now have 180 gold pieces (gained 12).
You see here a +0 pair of boots.
d - 3 scrolls labelled DOMIOLL ZOUQE (gained 1) As you open the door, it creaks loudly!
There is an open door here.
You see here a +0 club.
Done exploring.
Done exploring.
There is a stone staircase leading down here.
You climb downwards.
There is a stone staircase leading up here.
Autoexplore enabled for D:4
t - a black potion A gnoll comes into view.
It is wielding a +0 whip.
Found 11 gold pieces. 2 gnolls come into view.
A gnoll is wielding a +0 spear and quivering a throwing net.
You see here 9 gold pieces.
You now have 189 gold pieces (gained 9).
The gnoll shouts!
You hear a shout!
Press: ? - help, v - describe, . - travel
Here: a gnoll, wielding a +0 spear and quivering a throwing net The floor.
The gnoll throws a throwing net.
The throwing net closely misses you.
You see here a throwing net {=f}.
A goblin comes into view. It is wielding a +0 dagger.
There are monsters nearby!
The gnoll attacks as it pursues you! The gnoll closely misses you.
The gnoll hits you with a +0 spear.
You hit the gnoll.
The gnoll is poisoned.
Your grab misses the gnoll.
Your tentacle-slap misses the gnoll.
The gnoll is moderately wounded.
The gnoll closely misses you.
You closely miss the gnoll. Your grab misses the gnoll.
The gnoll is moderately wounded.
The gnoll barely misses you.
The gnoll hits you from afar with a +0 spear!
The gnoll misses you.
A gnoll comes into view. It is wielding a +0 club.
The gnoll shouts!
The gnoll attacks as it pursues you!
The gnoll hits you from afar with a +0 spear.
A gnoll comes into view. It is wielding a +0 flail.
A gnoll bouda comes into view. It is wielding a +0 club.
A gnoll comes into view.
It is wielding a +0 club and quivering a throwing net.
As you read the scroll labelled DOMIOLL ZOUQE, it crumbles to dust.
You feel strangely unstable.
It was a scroll of teleportation.
The gnoll misses you.
The gnoll hits you from afar with a +0 spear.
The gnoll bouda shouts!
The gnoll shouts!
You hit the gnoll. Your grab misses the gnoll. Your squeeze misses the gnoll.
The gnoll is moderately wounded.
You hear a shout!
A gnoll comes into view. It is wielding a +0 club.
The gnoll bouda barks out a call to the hunt!
The gnolls pick up the pace!
The gnoll misses you.
You hit the gnoll.
The gnoll is poisoned.
You grab the gnoll.
You squeeze the gnoll, but do no damage.
The gnoll is heavily wounded.
You constrict the gnoll.
You kill the gnoll!
The gnoll hits you from afar with a +0 spear!
* * * LOW HITPOINT WARNING * * *
The gnoll closely misses you.
The gnoll throws a throwing net.
The throwing net hits you.
You become entangled in the net!
Okay, then.
It was a potion of brilliance.
You feel clever all of a sudden.
You constrict the gnoll.
You kill the gnoll!
The gnoll hits you from afar with a +0 spear!
* * * LOW HITPOINT WARNING * * *
The gnoll bouda gazes fiercely through you!
You feel your attacks grow feeble. The goblin hits you with a +0 dagger.
You die...

####### ...... ...g.
#.g.# #.gg# #...#
########.)@# .......#.g.#
.......#.g)# .......#...#
#+# .......#...## #.#
#+###.....# #.# .
##.....###.# #.#
..#.......#..## #.#
..............#####.#####


You could see a gnoll bouda, 4 gnolls and a goblin.

Vanquished Creatures
  2 gnolls (D:4)
  7 adders
  4 dart slugs
  2 ribbon worms (D:2)
  4 orcs (D:3)
  3 endoplasms
  5 giant cockroaches
  A goblin (D:1)
  7 hobgoblins
  8 kobolds
  3 ball pythons (D:3)
  7 bats
  3 frilled lizards
  4 rats
60 creatures vanquished.

Notes
Turn   | Place    | Note
-------+----------+-------------------------------------------
     0 | D:1      | edsrzf the Octopode Reaver began the quest for the Orb.
     0 | D:1      | Reached XP level 1. HP: 14/14 MP: 3/3
   111 | D:1      | Reached skill level 1 in Stealth
   167 | D:1      | Reached XP level 2. HP: 19/19 MP: 5/5
   253 | D:1      | Reached skill level 2 in Stealth
   433 | D:1      | Reached XP level 3. HP: 5/24 MP: 6/6
   950 | D:2      | Reached skill level 3 in Stealth
  1305 | D:2      | Reached XP level 4. HP: 28/29 MP: 7/7
  1591 | D:2      | Reached skill level 4 in Long Blades
  1748 | D:3      | Reached skill level 4 in Stealth
  1986 | D:3      | Reached XP level 5. HP: 34/34 MP: 8/8
  2158 | D:3      | Found a transporter.
  2158 | D:3      | Found Riqitieh's Jewellery Shop.
  2183 | D:3      | Found a transporter.
  2488 | D:4      | Identified 3 scrolls of teleportation
  2491 | D:4      | Identified 2 potions of brilliance
  2491 | D:4      | Slain by a goblin

Illustrated notes

Levels and vault maps discovered:
D:1:      tarquinn_simple_flora_water_e, layout_basic
D:2:      layout_basic, grunt_ministairs_1, kennysheep_generic_room_10
D:3:      layout_basic, serial_shops, nicolae_shop_drivethru, moated_statue,
          grunt_decor_one_mirror
D:4:      nicolae_cairo_tiling_large_dashed, layout_basic,
          grunt_dithmenos_smoke, serial_library_hellmonk_hallway_a,
          minmay_ruined_shrine

Skill      XL: |  1  2  3  4 |
---------------+-------------+-----
Stealth        | 1 2 3 4 |  4.7
Long Blades    | 4 |  4.6
Fighting       | |  2.0
Dodging        | |  2.0
Spellcasting   | |  2.0
Conjurations   | |  3.0

Action                     |  1- 3 |  4- 6 || total
---------------------------+-------+-------++-------
  Melee: Falchion          |    36 |       ||    36
         Constrict         |    15 |    13 ||    28
         Tentacles         |     8 |     8 ||    16
         Dagger            |    30 |    44 ||    74
         Punch             |       |     2 ||     2
    Use: Scroll            |       |     1 ||     1
         Potion            |       |     1 ||     1
   Stab: Sleeping          |    12 |     4 ||    16
 Armour: Skin              |    21 |    22 ||    43
  Dodge: Dodged            |    29 |    28 ||    57
